 Dungeon Crawl Stone Soup version 0.20-a0-864-g92acfd1 (console) character file.

66 itsmu the Gusty (level 4, 0/30 HPs)
             Began as a Barachi Air Elementalist on Mar 12, 2017.
             Slain by an adder (3 damage)
             ... on level 2 of the Dungeon.
             The game lasted 00:06:37 (1868 turns).

itsmu the Gusty (Barachi Air Elementalist)          Turns: 1868, Time: 00:06:37

Health: 0/30       AC:  2    Str:  8 (9)  XL:     4   Next: 15%
Magic:  0/8        EV: 12    Int: 15 (16) God:
Gold:   41         SH:  0    Dex: 12 (13) Spells: 1/9 levels left

rFire    . . .     SeeInvis .   a - +0 spear
rCold    . . .     Gourm    .   f - +0 robe
rNeg     . . .     Faith    .   (no shield)
rPois    .         Spirit   .   (no helmet)
rElec    .         Reflect  .   (no cloak)
rCorr    .         Harm     .   (no gloves)
MR       .....                  (no boots)
Stlth    ++........             (no amulet)
Regen    0.1/turn               (no ring)
MPRegen  0.2/turn               (no ring)

@: lethally poisoned (0 -> -6), slow
A: +LOS, swims, slowness 1, strong legs 1
a: Hop


You were on level 2 of the Dungeon.
You were not hungry.

You visited 1 branch of the dungeon, and saw 2 of its levels.

You collected 41 gold pieces.

Inventory:

Hand Weapons
 a - a +0 spear (weapon)
   (You found it on level 1 of the Dungeon)
Armour
 f - a +0 robe (worn)
Scrolls
 d - a scroll of remove curse {unknown}
 h - a scroll of blinking {unknown}
 k - 4 scrolls of identify {unknown}
 n - a scroll of magic mapping {unknown}
 o - a scroll of enchant armour {unknown}
 r - a scroll of enchant weapon {unknown}
 s - a scroll of recharging {unknown}
Potions
 j - a potion of brilliance {unknown}
 m - a potion of invisibility {unknown}
 p - a potion of curing {unknown}
 q - a potion of agility
Books
 b - a book of Air

   Spells                             Type                      Level
   a - Shock                          Conjuration/Air              1
   b - Swiftness                      Charms/Air                   2
   c - Static Discharge               Conjuration/Air              3
   d - Airstrike                      Air                          4
   e - Lightning Bolt                 Conjuration/Air              5
Comestibles
 c - a bread ration
 l - 2 chunks of flesh


   Skills:
 - Level 2.1 Dodging
 - Level 1.7 Stealth
 + Level 3.0 Spellcasting
 + Level 2.2 Conjurations
 * Level 4.3 Air Magic


You had one spell level left.
You knew the following spells:

 Your Spells              Type           Power        Failure   Level  Hunger
a - Shock                 Conj/Air       ##..         6%          1    #......
b - Airstrike             Air            ###.......   34%         4    #####..
c - Static Discharge      Conj/Air       ##......     17%         3    ###....


Dungeon Overview and Level Annotations

Branches:
Dungeon (2/15)

Altars:


Innate Abilities, Weirdness & Mutations

Shadows flee at your approach. (+LOS)
You can swim through water.
You cover ground slowly.
You can hop short distances.


Message History

Aiming: Shock
Press: ? - help, Shift-Dir - straight line The zap misses the adder. x2; You feel sick.
The adder misses you.
It was a potion of might.
You feel very mighty all of a sudden. The adder bites you.
* * * LOW HITPOINT WARNING * * *
The adder misses you.
It was a potion of cancellation.
Your magical effects are unravelling.
You feel magically purged.
Your magical contamination has completely faded away.
You feel a little less mighty now.
You feel a little less agile now.
* * * LOW HITPOINT WARNING * * *
You feel sick. The adder barely misses you.
It was a potion of degeneration.
There was something very wrong with that liquid.
You feel weakened.
You feel dopey.
You feel clumsy. The adder bites you.
You die...

#.........# #....# #.........#
#....# #........[#
#....######## #.........#
#........<..# #.........#
#....####.#.#######
#.........# #....#
#.#.......## #######..##
#....# #.####...... #..#
##S### #.# #...#.## #..####
#.M#####.###..##... #.....#
##.#...............
#.###)###...........##...##
#.# #.....<..............##
#.# ##...###.....#.......##
#.####...####.............#
#.##..........#...........#
#.##.###...##.##..........#
####....#....###..#...........


You could see an adder.

Vanquished Creatures
  A gnoll (D:1)
  An adder (D:2)
  A worm (D:2)
  3 leopard geckos
  A ball python (D:1)
  2 goblins
  8 hobgoblins
  3 jackals (D:1)
  5 kobolds
  2 quokkas (D:2)
  7 bats
  2 frilled lizards (D:2)
  2 rats (D:2)
38 creatures vanquished.

Notes
Turn   | Place    | Note
-------+----------+-------------------------------------------
     0 | D:1      | itsmu the Barachi Air Elementalist began the quest for the Orb.
     0 | D:1      | Reached XP level 1. HP: 13/13 MP: 3/3
    88 | D:1      | Reached XP level 2. HP: 7/19 MP: 0/5
   628 | D:1      | Reached XP level 3. HP: 24/24 MP: 6/6
   633 | D:1      | Learned a level 3 spell: Static Discharge
  1053 | D:1      | Reached skill level 4 in Air Magic
  1640 | D:2      | Reached XP level 4. HP: 25/30 MP: 8/8
  1651 | D:2      | Learned a level 4 spell: Airstrike
  1868 | D:2      | Slain by an adder

Vault maps used:
D:1:      minmay_arrival_solitary_statue

Skill      XL: |  1  2  3  4 |
---------------+-------------+-----
Air Magic      | 4 |  4.3
Conjurations   | 2 |  2.2
Spellcasting   | 3 |  3.0
Dodging        | |  2.1
Stealth        | |  1.7

Action                   |  1- 3 |  4- 6 || total
-------------------------+-------+-------++-------
Melee: Unarmed           |     8 |       ||     8
       Spear             |    47 |    18 ||    65
 Cast: Shock             |    36 |    12 ||    48
       Static Discharge  |     1 |       ||     1
 Abil: Hop               |     1 |       ||     1
  Use: Potion            |       |     4 ||     4
 Stab: Sleeping          |     3 |       ||     3
  Eat: Chunk             |     3 |     1 ||     4
Armor: Robe              |     9 |     8 ||    17
Dodge: Dodged            |    53 |    21 ||    74
